 Dungeon Crawl Stone Soup version 0.26.1-11-gd32895ea62 (webtiles) character file.

Game seed: 9820048910192756389

140 Zeld the Twirler (level 5, -3/34 HPs)
             Began as an Octopode Gladiator on May 20, 2021.
             Was an Initiate of Wu Jian.
             Killed by divine providence
             ... invoked by an orc priest
              (13 damage)
             ... on level 4 of the Dungeon.
             The game lasted 00:03:49 (3222 turns).

Zeld the Twirler (Octopode Gladiator)               Turns: 3222, Time: 00:03:50

Health: -3/34      AC:  1    Str: 14    XL:     5   Next: 23%
Magic:  14/14      EV: 14    Int: 10    God:    Wu Jian [......]
Gold:   188        SH:  0    Dex: 14    Spells: 4/4 levels left

rFire    . . .     SeeInvis .   a - +0 quarterstaff
rCold    . . .     Faith    .   (shield currently unavailable)
rNeg     . . .     Spirit   .   b - +0 hat
rPois    .         Reflect  .   (no amulet)
rElec    .         Harm     .   e - ring of magical power
rCorr    .         Rampage  .   (no ring)
Will     .....                  (no ring)
Stlth    ++........             (no ring)
HPRegen  0.11/turn              (no ring)
MPRegen  0.14/turn              (no ring)
                                (no ring)
                                (no ring)

@: no status effects
A: almost no armour, stealthy swim, amphibious, 8 rings, constrict 8, camouflage
1, gelatinous body 1
a: Renounce Religion


You were on level 4 of the Dungeon.
You worshipped Wu Jian.
Wu Jian was noncommittal.
You visited 1 branch of the dungeon, and saw 4 of its levels.

You collected 188 gold pieces.

Inventory:

Hand Weapons
 a - a +0 quarterstaff (weapon)
Missiles
 c - 2 throwing nets
 d - 5 boomerangs (quivered)
Armour
 b - a +0 hat (worn)
Jewellery
 e - a ring of magical power (left tentacle)
Wands
 g - a wand of paralysis (3)
Scrolls
 f - 2 scrolls of remove curse
 j - 3 scrolls of amnesia
 k - a scroll of blinking
Potions
 h - a potion of curing {unknown}
 i - 2 potions of haste {unknown}
 l - a potion of mutation {unknown}
 m - a potion of cancellation {unknown}


   Skills:
 - Level 2.0 Fighting
 * Level 5.7 Staves
 - Level 2.0 Throwing
 - Level 3.0 Dodging


You had 4 spell levels left.
You didn't know any spells.
Your spell library contained the following spells:

 Spells                   Type           Power        Failure   Level
 Summon Small Mammal      Summ           0%           36%         1
 Call Imp                 Summ           0%           50%         2
 Call Canine Familiar     Summ           0%           75%         3
 Summon Guardian Golem    Hex/Summ       0%           75%         3
 Summon Ice Beast         Ice/Summ       0%           98%         4
 Summon Lightning Spire   Summ/Air       0%           98%         4


Dungeon Overview and Level Annotations

Branches:
Dungeon (4/15)
 Temple: D:4-7

Altars:
Fedhas
Vehumet
Wu Jian
Xom
Zin


Innate Abilities, Weirdness & Mutations

You cannot wear most types of armour.
You are very stealthy in the water. (Stealth+)
You are amphibious.
You can wear up to eight rings at the same time.
You can use your tentacles to constrict eight enemies at once.
Your skin changes colour to match your surroundings (Stealth+).
Your rubbery body absorbs attacks. (AC +1, EV +1)


Message History

You constrict the orc wizard, but do no damage.
You hear a howl!
The orc wizard hits you with a +0 dagger.
You hit the orc wizard but do no damage.
You constrict the orc wizard.
The orc wizard struggles to escape constriction.
The orc barely misses you.
You release your grip on the orc wizard.
The orc wizard hits you with a +0 dagger.
A howler monkey comes into view.
Found a stone staircase leading up.
The orc priest invokes the aid of Beogh against you.
Beogh smites you!
The orc priest looks encouraged for a moment.
The orc wizard points at you and mumbles some strange words.
The magic dart hits you!
* * * LOW HITPOINT WARNING * * *
The orc priest mumbles some strange prayers to Beogh against you.
Beogh smites you!
You die...

#.............o#...o...
####..........##.#.....
#..##........o# .#....#
#.....†.####o.##.#.##.#
##........o....#
#..####.o.....#.
##.<....o.......#
###..............
#..<@.........<...
##....###......##.
#.............#
##..........###
###.#.##...# ##### ...#


You could see an orc priest, an orc wizard and 3 orcs.

Vanquished Creatures
  A hound (D:4)
  5 adders
  3 worms (D:3)
  2 leopard geckos (D:3)
  An orc (D:3)
  8 bats
  5 giant cockroaches
  5 goblins
  6 hobgoblins
  3 quokkas (D:3)
  3 frilled lizards
  9 kobolds
  4 rats
55 creatures vanquished.

Notes
Turn   | Place    | Note
-------+----------+-------------------------------------------
     0 | D:1      | Zeld the Octopode Gladiator began the quest for the Orb.
     0 | D:1      | Reached XP level 1. HP: 14/14 MP: 1/1
   276 | D:1      | Reached XP level 2. HP: 19/19 MP: 2/2
   937 | D:2      | Reached skill level 4 in Staves
  1170 | D:2      | Reached XP level 3. HP: 24/24 MP: 3/3
  1654 | D:2      | Found a glowing silver altar of Zin.
  1697 | D:2      | Found a shimmering altar of Xom.
  2038 | D:3      | Reached XP level 4. HP: 18/29 MP: 4/4
  2483 | D:3      | Reached skill level 5 in Staves
  3144 | D:4      | Reached XP level 5. HP: 29/34 MP: 5/5
  3197 | D:4      | Found a blossoming altar of Fedhas.
  3197 | D:4      | Found a radiant altar of Vehumet.
  3197 | D:4      | Found an ornate altar of the Wu Jian Council.
  3204 | D:4      | Became a worshipper of the Wu Jian Council
  3222 | D:4      | Killed from afar by an orc priest

Illustrated notes

Levels and vault maps discovered:
D:1:      heliophobic_arrival_henge, layout_rooms
D:2:      layout_loops_corners, zin_academy, lemuel_crystal_altar,
          amethyst_killhole
D:3:      minmay_angry_zag, layout_basic, minmay_puff
D:4:      layout_cave_pools, chequers_temple_overflow_statue_of_worship,
          minmay_temple_entry_junction, uniq_crazy_yiuf_cottage

Skill      XL: |  1  2  3  4 |
---------------+-------------+-----
Staves         | 4 5 |  5.7
Fighting       | |  2.0
Throwing       | |  2.0
Dodging        | |  3.0

Action                   |  1- 3 |  4- 6 || total
-------------------------+-------+-------++-------
Melee: Quarterstaff      |    56 |    52 ||   108
       Constrict         |    14 |    14 ||    28
       Tentacles         |    12 |     8 ||    20
Throw: Throwing net      |     1 |       ||     1
       Boomerang         |       |     1 ||     1
  Use: Scroll            |     4 |     1 ||     5
 Stab: Sleeping          |     9 |     3 ||    12
Armor: Skin              |     5 |     2 ||     7
Dodge: Dodged            |    45 |    43 ||    88
